 Dungeon Crawl Stone Soup version 0.29.1-15-g9cfb28693d (console) character file.

Game seed: 14969177454283483158

4 sentinel the Digger (level 1, 4/14 HPs)
             Began as a Meteoran Earth Elementalist on Sept 10, 2023.
             Quit the game on level 1 of the Dungeon.
             The game lasted 00:00:21 (95 turns).

sentinel the Digger (Meteoran Earth Elementalist)     Turns: 95, Time: 00:00:22

Health: 4/14       AC:  2    Str:  9    XL:     1   Next: 85%
Magic:  0/5        EV:  9    Int: 16    God:
Gold:   0          SH:  0    Dex: 14    Spells: 4/5 levels left

rFire   . . .      SeeInvis .   (no weapon)
rCold   . . .      Faith    .   (no shield)
rNeg    . . .      Spirit   .   a - +0 robe
rPois   .          Reflect  .   (no helmet)
rElec   .          Harm     .   (no cloak)
rCorr   .          Rampage  .   (no gloves)
Will    .....                   (no boots)
Stlth   +.........              (no amulet)
HPRegen 0.04/turn               (no ring)
MPRegen 0.09/turn               (no ring)

@: weak-willed, glowing, constricted
A: sense surroundings 1, otherworldly, glowing, explore regen
a: no special abilities


You were on level 1 of the Dungeon.
You visited 1 branch of the dungeon, and saw 1 of its levels.

Inventory:

Armour
 a - a +0 robe (worn)
Potions
 b - a potion of magic


   Skills:
 - Level 2.4 Dodging
 - Level 1.4 Stealth
 - Level 2.6 Spellcasting
 - Level 1.2 Transmutations
 + Level 4.0 Earth Magic


You had 4 spell levels left.
You knew the following spells:

 Your Spells              Type           Power      Damage    Failure   Level
a - Sandblast             Erth           30%        2d9       3%          1

Your spell library contained the following spells:

 Spells                   Type           Power      Damage    Failure   Level
 Passwall                 Tmut/Erth      8%         N/A       10%         2
 Beastly Appendage        Tmut           12%        N/A       12%         1
 Wereblood                Tmut           6%         N/A       19%         2
 Stone Arrow              Conj/Erth      16%        3d8       26%         3
 Spider Form              Tmut/Pois      4%         N/A       41%         3
 Petrify                  Tmut/Erth      10%        N/A       54%         4


Dungeon Overview and Level Annotations

Branches:
Dungeon (1/15) Zot: 501

Altars:


Innate Abilities, Weirdness & Mutations

You passively map a small area around you.
You are easily found by Zot.
You glow in the dark.
You regain HP and MP as you explore.


Message History

You are too injured to fight recklessly!
Search for what [Enter for "faded", or ? for help]? faded Can't find anything matching that.
Unknown command.
You can't go down here!
There are monsters nearby!
Unknown command.
You are too injured to fight recklessly!
Unknown command.
You are too injured to fight recklessly!
Unknown command.
You are too injured to fight recklessly!
Unknown command.
You are too injured to fight recklessly!
Unknown command.
You are too injured to fight recklessly!
You are too injured to fight recklessly!
Search for what [Enter for "faded", or ? for help]? faded Can't find anything matching that.
Unknown command.
You can't go down here!
There are monsters nearby!
Unknown command.
You are too injured to fight recklessly!
Unknown command.
You are too injured to fight recklessly!
Unknown command.
You are too injured to fight recklessly!
Unknown command.
You are too injured to fight recklessly!
Unknown command.
Search for what [Enter for "faded", or ? for help]? faded Can't find anything matching that.
Unknown command.
You can't go down here!
There are monsters nearby!
Unknown command.
But you're not safe!
Unknown command.
Search for what [Enter for "faded", or ? for help]? faded Can't find anything matching that.
Unknown command.
You can't go down here!
There are monsters nearby!
Unknown command.
But you're not safe!
Unknown command.
Search for what [Enter for "faded", or ? for help]? faded Can't find anything matching that.
Unknown command.
You can't go down here!
There are monsters nearby!
Unknown command.
But you're not safe!
Unknown command.
Search for what [Enter for "faded", or ? for help]? faded Can't find anything matching that.
Unknown command.
You can't go down here!
There are monsters nearby!
Unknown command.
But you're not safe!
Unknown command.
Search for what [Enter for "faded", or ? for help]? faded Can't find anything matching that.
Unknown command.
You can't go down here!
There are monsters nearby!
Unknown command.
But you're not safe!
Unknown command.
Unknown command.
Search for what [Enter for "faded", or ? for help]? faded Can't find anything matching that.
Unknown command.
You can't go down here!
There are monsters nearby!
Unknown command.
As you read the scroll labelled ZUAROYBBYC, it crumbles to dust.
It is a scroll of identify.
Really abort (and waste the scroll)? [Y]es or [N]o only, please.
Really abort (and waste the scroll)? [Y]es or [N]o only, please.
Really abort (and waste the scroll)? [Y]es or [N]o only, please.
Really abort (and waste the scroll)? [Y]es or [N]o only, please.
Really abort (and waste the scroll)? [Y]es or [N]o only, please.
Really abort (and waste the scroll)? [Y]es or [N]o only, please.
Really abort (and waste the scroll)? [Y]es or [N]o only, please.
Really abort (and waste the scroll)? [Y]es or [N]o only, please.
Really abort (and waste the scroll)? [Y]es or [N]o only, please.
Really abort (and waste the scroll)? [Y]es or [N]o only, please.
Really abort (and waste the scroll)? [Y]es or [N]o only, please.
Really abort (and waste the scroll)?
Okay, then.
The hobgoblin closely misses you. The ball python bites you.
The ball python constricts you.
Unknown command.
As you read the scroll labelled PAERAIR TOGU, it crumbles to dust.
Magic quickly surges around you.
It was a scroll of vulnerability.
The hobgoblin hits you but does no damage.
The ball python completely misses you. The ball python constricts you.
Unknown command.
There are monsters nearby!
Unknown command.
Search for what [Enter for "faded", or ? for help]? faded Can't find anything matching that.
Unknown command.
You can't go down here!
There are monsters nearby!
Unknown command.
You aren't carrying any scrolls.
Unknown command.
Unknown command.
There are monsters nearby!
Unknown command.
Search for what [Enter for "faded", or ? for help]? faded Can't find anything matching that.
Unknown command.
You can't go down here!
There are monsters nearby!
Unknown command.
You aren't carrying any scrolls.
Unknown command.
Unknown command.
There are monsters nearby!
Unknown command.
Search for what [Enter for "faded", or ? for help]? faded Can't find anything matching that.
Unknown command.
You can't go down here!
There are monsters nearby!
Unknown command.
You aren't carrying any scrolls.
Unknown command.
Unknown command.
There are monsters nearby!
Unknown command.
Unknown command.
Unknown command.
Are you sure you want to abandon this character and quit the game? (Confirm with "yes".)

* * ^ , , ##..........
#...>....... ,
#........... * * *
........... *
*,*#........... *
#............
,*,*#..Sg.......$# ,
,*#..@.........# ,
*#............# ,
#............#
#.#+##............
.......#.........#** *
..............##.#
..............# ,#########
*
..............#*,#........
..............#, #........


You could see a hobgoblin (weak-willed) and a ball python (weak-willed).

Vanquished Creatures
  A ball python (D:1)
  3 frilled lizards (D:1)
  A goblin (D:1)
  A rat (D:1)
6 creatures vanquished.

Notes
Turn   | Place    | Note
-------+----------+-------------------------------------------
     0 | D:1      | sentinel the Meteoran Earth Elementalist began the quest
                  | for the Orb.
     0 | D:1      | Reached XP level 1. HP: 14/14 MP: 5/5
    89 | D:1      | Reached skill level 4 in Earth Magic
    95 | D:1      | Quit the game

Illustrated notes

Levels and vault maps discovered:
D:1:      lemuel_arrival_hallway, layout_basic,
          hellmonk_ecumenical_altar_blasted, amethyst_killhole,
          minmay_misc_feat_encased, minmay_pentomino_w4

Skill      XL: |  1 |
---------------+----+-----
Earth Magic    | 4 |  4.0
Dodging        | |  2.4
Stealth        | |  1.4
Spellcasting   | |  2.6
Transmutations | |  1.2

Action                   || total
-------------------------++-------
Melee: Unarmed           ||     3
 Cast: Sandblast         ||     7
  Use: Scroll            ||     2
Armor: Robe              ||     3
Dodge: Dodged            ||     3
